 Dungeon Crawl Stone Soup version 0.31-a0-364-gb59cdcccf2 (webtiles) character file.

Game seed: 11525898621423418213

2679 mopl the Insei (level 9, -2/60 HPs)
             Began as an Octopode Shapeshifter on July 27, 2023.
             Slain by a centaur (3 damage)
             ... on level 9 of the Dungeon.
             The game lasted 00:09:59 (7925 turns).

mopl the Insei (Octopode Shapeshifter)              Turns: 7925, Time: 00:10:00

Health: -2/60      AC:  1    Str: 15    XL:     9   Next: 64%
Magic:  0/9        EV: 15    Int: 10    God:
Gold:   553        SH:  0    Dex: 16    Spells: 8/8 levels left

rFire   . .          .
                       - Unarmed
rCold   . . .        (no shield)
rNeg    + . .        (helmet currently unavailable)
rPois   .            J - amulet of guardian spirit
rElec   .            q - ring of willpower
rCorr   .            u - ring of see invisible
SInv    +            G - ring of positive energy
Will    +....        (no ring)
Stlth   ++           (no ring)
HPRegen 0.30/turn    (no ring)
MPRegen 0.11/turn    (no ring)
                     (no ring)

%: guardian spirit
@: beast-form
A: beast (slay +4), almost no armour, amphibious, 8 rings, camouflage 1,
gelatinous body 1, (nimble swimmer 1), tentacles
a: Begin Untransformation


You were on level 9 of the Dungeon.
You were a hulking beast.
You visited 2 branches of the dungeon, and saw 10 of its levels.

You collected 553 gold pieces.

Inventory:

Missiles
 d - 14 poisoned darts (quivered)
 v - 5 boomerangs
 C - a curare-tipped dart
 H - a throwing net
Jewellery
 q - a ring of willpower (left tentacle)
 u - a ring of see invisible (right tentacle)
 G - a ring of positive energy (on tentacle)
 J - an amulet of guardian spirit (around mantle)
 K - an amulet of regeneration
Talismans
 b - a beast talisman
 D - a blade talisman
Wands
 w - a wand of mindburst (9)
 x - a wand of polymorph (7)
 y - a wand of acid (9)
 A - a wand of flame (14)
Scrolls
 c - 2 scrolls of teleportation {unknown}
 e - 2 scrolls of silence {unknown}
 i - 2 scrolls of butterflies {unknown}
 j - a scroll of torment {!r}
 m - a scroll of immolation {unknown}
 n - 4 scrolls of enchant weapon {unknown}
 o - a scroll of brand weapon {unknown}
 p - a scroll of vulnerability {unknown}
 r - 2 scrolls of blinking {unknown}
 E - a scroll of poison {unknown}
 L - a scroll of amnesia {unknown}
 M - 2 scrolls of enchant armour {unknown}
 N - a scroll of noise {unknown}
Potions
 a - 2 potions of lignification {!q}
 f - 4 potions of enlightenment
 g - 5 potions of might
 h - 3 potions of curing
 k - 2 potions of heal wounds
 l - 2 potions of invisibility
 s - a potion of brilliance {unknown}
 t - 4 potions of mutation {!q}
 z - a potion of magic
 B - a potion of haste
 F - a potion of cancellation
 I - 2 potions of degeneration {unknown}


   Skills:
 + Level 4.9 Fighting
 + Level 2.6 Throwing
 + Level 5.2 Dodging
 * Level 7.7 Unarmed Combat
 + Level 2.8 Evocations
 * Level 6.6 Shapeshifting


You had 8 spell levels left.
You didn't know any spells.
Your spell library contained the following spells:

 Spells                   Type           Power      Damage    Failure   Level
 Necrotise                Necr           0%         1d4       36%         1
 Cigotuvi's Dreadful Rot  Necr/Pois/Air  0%         N/A       50%         2
 Ensorcelled Hibernation  Hex/Ice        0%         N/A       50%         2
 Wereblood                Tmut           0%         N/A       50%         2
 Vampiric Draining        Necr           0%         2d6       75%         3
 Anguish                  Hex/Necr       0%         N/A       98%         4
 Dispel Undead            Necr           0%         3d6       98%         4
 Agony                    Necr           0%         N/A       100%        5
 Irradiate                Conj/Tmut      0%         3d11      100%        5
 Death Channel            Necr           0%         N/A       100%        6


Dungeon Overview and Level Annotations

Branches:
Dungeon (9/15)             Temple (1/1) D:6
   Lair: D:8-11         Orc: D:9-12

Altars:
Ashenzari
Cheibriados
Elyvilon
Fedhas
Gozag
Hepliaklqana
Kikubaaqudgha
Makhleb
Nemelex Xobeh
Okawaru
Qazlal
Sif Muna
Trog
Vehumet
Wu Jian
Xom
Yredelemnul
Zin
The Shining One
Jiyva

Shops:
D:8 [

Annotations:
D:3 1 runed translucent door, Gruesome's ghost, amateur DrSh


Innate Abilities, Weirdness & Mutations

You are a hulking beast.
Your limbs bulge with bestial killing power. (Slay +4)
You cannot wear most types of armour.
You are amphibious.
You can wear up to eight rings at the same time.
Your skin changes colour to match your surroundings (Stealth+).
Your rubbery body absorbs attacks. (AC +1, EV +1)
((You are camouflaged when in or above water. (Stealth+)))
You have tentacles for arms and can constrict up to eight enemies at once.


Message History

You barely miss the hornet. You grab the hornet. You squeeze the hornet!
The hornet is heavily wounded.
You constrict the hornet. The hornet stings you.
You are poisoned.
You feel yourself slow down. The hornet barely misses you.
You barely miss the hornet. You squeeze the hornet.
The hornet is severely wounded.
You constrict the hornet, but do no damage.
You feel very sick. The hornet stings you!
You are more poisoned.
You feel as though you will be slow longer.
The hornet barely misses you.
Aiming: Corrosive Bolt
Press: ? - help, Shift-Dir - straight line, f - centaur
Aim: a centaur (wandering, hasn't noticed you, 83% to hit)
The bolt of acid hits the hornet!
You kill the hornet!
The bolt of acid hits the centaur!
The acid corrodes the centaur!
The centaur is heavily wounded.
You feel extremely sick.
The centaur wields a +0 shortbow.
The centaur shoots an arrow.
The arrow misses you.
Unknown command.
You feel very sick.
The centaur shoots an arrow.
The arrow hits you!
The centaur shoots an arrow.
The arrow hits you!
* * * LOW HITPOINT WARNING * * *
You see here a hornet corpse.
You feel better.
The centaur shoots an arrow.
The arrow hits you!
* * * LOW HITPOINT WARNING * * *
The centaur shoots an arrow.
The arrow hits you!
* * * LOW HITPOINT WARNING * * *
You feel yourself speed up.
The centaur unwields a +0 shortbow.
The centaur hits you.
* * * LOW HITPOINT WARNING * * *
The centaur kicks you.
* * * LOW HITPOINT WARNING * * *
The centaur barely misses you. The centaur kicks you.
You die...

#..... ####. #....# .....
###....# ...
.....#.........$.$ ....
.....#......#....# ##....
....##......# ...# #.....
...##...[...####.###......
..##...........†hc#...# ..
.##.........####......# ....
##......)...# ###..###.....
#.....>....### #..........
.............#####...#.#....
.....#######..##...#........
..#### ##.............. .##
###...####...... ...
#..#..........


You could see a centaur (corroded).

Vanquished Creatures
  Maggie (D:9)
  A troll (D:6)
  A hornet (D:9)
  A steam dragon (D:9)
  A black bear (D:5)
  2 ogres
  2 centaurs
  A phantom (D:6)
  3 kobold brigands
  A gnoll sergeant (D:7)
  5 wights (D:7)
  2 jellies
  3 howler monkeys (D:8)
  Crazy Yiuf (D:3)
  A gnoll bouda (D:7)
  2 orc priests
  Jessica (D:2)
  4 orc wizards
  3 iguanas
  9 adders
  12 gnolls
  A white imp (D:7)
  4 worms
  A dart slug (D:1)
  28 orcs
  7 bats
  10 endoplasms
  2 giant cockroaches
  7 goblins
  7 hobgoblins
  4 jackals
  7 quokkas
  7 ball pythons
  7 frilled lizards
  18 kobolds
  8 rats
175 creatures vanquished.

Notes
Turn   | Place    | Note
-------+----------+-------------------------------------------
     0 | D:1      | mopl the Octopode Shapeshifter began the quest for the Orb.
     0 | D:1      | Reached XP level 1. HP: 13/13 MP: 1/1
   117 | D:1      | Reached XP level 2. HP: 18/18 MP: 2/2
   783 | D:1      | Reached XP level 3. HP: 23/23 MP: 3/3
  1163 | D:2      | Noticed Jessica
  1188 | D:2      | Killed Jessica
  1189 | D:2      | Reached XP level 4. HP: 8/29 MP: 4/4
  1728 | D:2      | Reached skill level 4 in Unarmed Combat
  1852 | D:2      | Reached XP level 5. HP: 31/34 MP: 5/5
  1875 | D:2      | Reached skill level 2 in Fighting
  2094 | D:3      | Found a white marble altar of Elyvilon.
  2123 | D:3      | Found a runed translucent door.
  2123 | D:3      | Noticed Gruesome's ghost (amateur DrSh)
  2131 | D:3      | Found a radiant altar of Vehumet.
  2297 | D:3      | Found an opulent altar of Gozag.
  2386 | D:3      | Found a faded altar of an unknown god.
  2690 | D:3      | Found a runed translucent door.
  2691 | D:3      | Noticed Crazy Yiuf
  2697 | D:3      | Killed Crazy Yiuf
  2698 | D:3      | Reached skill level 3 in Dodging
  2698 | D:3      | Reached skill level 4 in Shapeshifting
  2698 | D:3      | Reached XP level 6. HP: 33/40 MP: 2/6
  3508 | D:5      | Entered Level 5 of the Dungeon
  3526 | D:4      | Reached skill level 5 in Unarmed Combat
  3605 | D:5      | Noticed a black bear
  3681 | D:5      | Killed a black bear
  3682 | D:5      | Reached XP level 7. HP: 40/45 MP: 7/7
  3714 | D:5      | Reached skill level 3 in Fighting
  4230 | D:6      | Reached skill level 5 in Shapeshifting
  4285 | D:6      | Found a hazy altar of Hepliaklqana.
  4293 | D:6      | Reached skill level 4 in Dodging
  4293 | D:6      | Reached XP level 8. HP: 36/52 MP: 8/8
  4316 | D:6      | Found a staircase to the Ecumenical Temple.
  4323 | D:6      | Reached skill level 6 in Unarmed Combat
  4327 | Temple   | Entered the Ecumenical Temple
  4762 | D:6      | Noticed a troll
  4773 | D:6      | Killed a troll
  5267 | D:7      | Reached skill level 4 in Fighting
  5603 | D:7      | Reached skill level 1 in Evocations
  5610 | D:7      | Reached skill level 1 in Throwing
  5788 | D:7      | Found a large runed translucent door.
  5791 | D:7      | Found a large runed translucent door.
  6175 | D:7      | Found a sparkling altar of Nemelex Xobeh.
  6253 | D:7      | Found a broken altar of Ashenzari.
  6603 | D:7      | Reached skill level 7 in Unarmed Combat
  6603 | D:7      | Reached skill level 6 in Shapeshifting
  6603 | D:7      | Reached XP level 9. HP: 41/58 MP: 9/9
  7153 | D:7      | Found a shimmering blue altar of Sif Muna.
  7159 | D:7      | Found an iron altar of Okawaru.
  7192 | D:8      | Reached skill level 2 in Evocations
  7524 | D:8      | Reached skill level 2 in Throwing
  7783 | D:8      | Found Ownaoshro's Armour Shoppe.
  7800 | D:9      | Noticed Maggie
  7813 | D:9      | Killed Maggie
  7814 | D:9      | Reached skill level 5 in Dodging
  7912 | D:9      | Noticed a hornet
  7922 | D:9      | Killed a hornet
  7925 | D:9      | HP: 3/60 [centaur (4)]
  7925 | D:9      | HP: 1/60 [centaur (2)]
  7925 | D:9      | Slain by a centaur

Illustrated notes

Levels and vault maps discovered:
D:1:      lemuel_arrival_tunnels, layout_loops_corners, serial_forest,
          infiniplex_forest_end_3, infiniplex_forest_end_2,
          infiniplex_forest_lined_room_3, infiniplex_forest_end_double,
          infiniplex_forest_lined_1, minmay_heptomino_l4
D:2:      layout_loops_ring, uniq_jessica
D:3:      layout_rooms, lemuel_tele_altar, grunt_gozag_breadcrumbs,
          mainiacjoe_overflow_six_doors_small, gammafunk_ghost_grave,
          hellmonk_ecumenical_altar_defaced_shrine, kennysheep_doodads,
          uniq_crazy_yiuf_cottage
D:4:      layout_cave_pools
D:5:      layout_gridville
D:6:      layout_loops_corners, mainiacjoe_overflow_cross_hatched,
          minmay_temple_entry_statues_pillars, sigmund_army
D:7:      layout_layer_cave, nicolae_ashenzari_skybound,
          mainiacjoe_overflow_surrounded_room, jmf_multi_god_temple2
D:8:      layout_basic, serial_shops, shop_statue
D:9:      layout_rooms, nrook_mini_backslash, uniq_maggie
Temple:   pf_slime_end_temple

Skill      XL: |  1  2  3  4  5  6  7  8  9 |
---------------+----------------------------+-----
Unarmed Combat | 4 5 7 |  7.7
Fighting       | 2 3 4 |  4.9
Dodging        | 3 4 5 |  5.2
Shapeshifting  | 4 5 6 |  6.6
Evocations     | 1 2 |  2.8
Throwing       | 1 2 |  2.6

Action                     |  1- 3 |  4- 6 |  7- 9 || total
---------------------------+-------+-------+-------++-------
  Melee: Unarmed           |    77 |   127 |   156 ||   360
         Constrict         |    14 |    32 |    39 ||    85
         Tentacles         |     9 |    22 |    46 ||    77
         Punch             |     1 |     3 |    12 ||    16
  Throw: Dart              |       |    19 |    14 ||    33
  Evoke: Wand              |       |       |    10 ||    10
    Use: Scroll            |     3 |     5 |     3 ||    11
         Potion            |       |       |     2 ||     2
   Stab: Sleeping          |     6 |     7 |     2 ||    15
         Distracted        |       |     1 |     1 ||     2
 Armour: Skin              |     2 |     8 |     2 ||    12
  Dodge: Dodged            |    38 |    74 |    90 ||   202

Table legend: (Time is in decaauts)
 A = Elapsed time spent in this place.
 B = Non-inter-level travel time spent in this place.
 C = Inter-level travel time spent in this place.
 D = Time resting spent in this place.
 E = Time spent auto-exploring this place.
 F = Levels seen in this place.
 G = Mean time per level.
                   A        B        C        D        E       F      G
               +--------+--------+--------+--------+--------+-----+--------+
         Total |   7892 |   7600 |    292 |   1759 |   4518 |  10 |  789.2 |
       Dungeon |   7799 |   7507 |    292 |   1668 |   4518 |   9 |  866.6 |
        Temple |     92 |     92 |      0 |     91 |      0 |   1 |   92.0 |
               +--------+--------+--------+--------+--------+-----+--------+

Top non-repeatable levels by time:
     D:7: 1901 daAuts
     D:1: 1094 daAuts
     D:6: 1041 daAuts
     D:2: 977 daAuts
     D:3: 852 daAuts
     D:4: 647 daAuts
     D:8: 610 daAuts
     D:5: 550 daAuts
     D:9: 124 daAuts
  Temple: 92 daAuts
